 Dungeon Crawl Stone Soup version 0.24.1-14-gf8d2b509d9 (webtiles) character file.

Game seed: 11367882899949898436, levelgen mode: deterministic

33784 Gabide the Basher (level 14, -2/88 HPs)
             Began as a Kobold Gladiator on May 25, 2020.
             Was an Elder of Elyvilon.
             Slain by a tengu warrior
             ... wielding a +2 long sword
              (14 damage)
             ... on level 15 of the Dungeon.
             The game lasted 01:09:24 (17989 turns).

Gabide the Basher (Kobold Gladiator)               Turns: 17989, Time: 01:09:24

Health: -2/88      AC: 24    Str: 22    XL:     14   Next: 9%
Magic:  19/19      EV: 22    Int: 10    God:    Elyvilon [****..]
Gold:   955        SH:  0    Dex: 21    Spells: 13/13 levels left

rFire    . . .     SeeInvis .   p - +2 lajatang (protect)
rCold    . . .     Gourm    .   (shield currently unavailable)
rNeg     . . .     Faith    .   O - +3 ring mail {MR+}
rPois    +         Spirit   .   c - +0 helmet
rElec    .         Reflect  .   k - +1 cloak
rCorr    .         Harm     .   d - +1 pair of gloves "Pucistar" {Dex+4}
MR       ++...                  G - +0 pair of boots
Stlth    +.........             (no amulet)
HPRegen  0.24/turn              B - +5 ring of strength
MPRegen  0.16/turn              v - ring of poison resistance

@: protection aura
A: small, claws 1, carnivore, strong 1
a: Lesser Healing, Heal Other, Purification, Greater Healing, Divine Protection,
Renounce Religion


You were on level 15 of the Dungeon.
You worshipped Elyvilon.
Elyvilon was greatly pleased with you.
You were full.

You visited 2 branches of the dungeon, and saw 16 of its levels.

You collected 955 gold pieces.

Inventory:

Hand Weapons
 a - a +0 flail
 p - a +2 lajatang of protection (weapon)
 x - a +4 whip of electrocution
 H - a +1 morningstar
 M - a +3 flail
 N - the +1 hunting sling "Hosepa Keth" {venom, rElec MR+++ Str+4 Stlth-}
   (You found it on level 12 of the Dungeon)

   It poisons the ammo it fires.
   It affects your strength (+4).
   It insulates you from electricity.
   It affects your resistance to hostile enchantments.
   It makes you less stealthy.
Missiles
 U - 25 stones (quivered)
Armour
 b - a +2 pair of gloves
 c - a +0 helmet (worn)
 d - the +1 pair of gloves "Pucistar" (worn) {Dex+4}
   (You found it on level 5 of the Dungeon)

   It affects your dexterity (+4).
 e - a +2 ring mail of positive energy
 h - a +4 ring mail
 i - the +1 leather armour of the Game Afoot {rF- rC++ Str+2}
   (You found it on level 6 of the Dungeon)

   It affects your strength (+2).
   It makes you vulnerable to fire.
   It greatly protects you from cold.
 k - a +1 cloak (worn)
 s - a scarf of repulsion
 y - a scarf of resistance
 G - a +0 pair of boots (worn)
 K - +0 acid dragon scales
 O - a +3 ring mail of magic resistance (worn)
 S - a +0 buckler
Jewellery
 t - an uncursed ring of protection from magic
 v - a ring of poison resistance (right hand)
 B - a +5 ring of strength (left hand)
 P - an uncursed ring of wizardry
Wands
 g - a wand of flame (15)
 q - a wand of polymorph (18)
 L - a wand of paralysis (5)
Scrolls
 m - 3 scrolls of teleportation
 n - 4 scrolls of fear
 u - 3 scrolls of amnesia
 w - 2 scrolls of vulnerability
 A - 2 scrolls of remove curse
 F - 5 scrolls of identify
 Q - a scroll of fog
 V - 3 scrolls of acquirement {unknown}
Potions
 j - 2 potions of lignification
 l - 4 potions of flight
 o - 6 potions of curing
 r - a potion of ambrosia {unknown}
 z - 2 potions of magic
 C - 2 potions of invisibility {unknown}
 E - 3 potions of heal wounds {unknown}
 I - a potion of haste
 J - a potion of brilliance {unknown}
 R - 2 potions of might {unknown}
Miscellaneous
 D - a lamp of fire
 W - a lightning rod (4/4)
Comestibles
 f - 31 rations


   Skills:
 + Level 10.0 Fighting
 - Level 13.5(13.7) Maces & Flails
 * Level 4.4(10.0) Staves
 + Level 5.0(5.2) Slings
 - Level 2.1(4.1) Throwing
 + Level 7.9 Armour
 + Level 9.9 Dodging
 - Level 1.0 Shields
 + Level 7.1 Invocations


You had 13 spell levels left.
You didn't know any spells.
Your spell library contained the following spells:

 Spells                   Type           Power        Failure   Level  Hunger
 Animate Skeleton         Necr           N/A          50%         1    ##.....
 Apportation              Tloc           #.....       50%         1    ##.....
 Infusion                 Chrm           #...         50%         1    ##.....
 Pain                     Necr           #...         50%         1    ##.....
 Summon Butterflies       Summ           #.......     50%         1    ##.....
 Shroud of Golubria       Chrm/Tloc      #.....       65%         2    ###....
 Song of Slaying          Chrm           #.......     65%         2    ###....
 Lesser Beckoning         Tloc           #.........   86%         3    ####...
 Regeneration             Chrm/Necr      #.........   86%         3    ####...
 Spectral Weapon          Hex/Chrm       #.......     86%         3    ####...
 Tukima's Dance           Hex            #.......     86%         3    ####...
 Vampiric Draining        Necr           #.........   86%         3    ####...
 Animate Dead             Necr           N/A          99%         4    #####..
 Alistair's Intoxication  Tmut/Pois      #.......     100%        5    ######.
 Invisibility             Hex            #.......     100%        6    #######


Dungeon Overview and Level Annotations

Branches:
Dungeon (15/15)              Lair (0/6) D:8             Orc (1/2) D:10
 Vaults (0/5) D:13
 Temple: D:4-7       Depths: D:15

Altars:
Ashenzari
Dithmenos
Elyvilon
Gozag
Nemelex Xobeh
Ru
Trog
Uskayaw
Xom
Yredelemnul
The Shining One

Shops:
D:9 ?

Portals:
Bazaar: D:15

Annotations:
D:7 3 runed translucent doors, ghwc's ghost, novice KoBe
D:8 3 runed translucent doors, brob1's ghost, novice DrTm
D:10 2 transporters
Orc:1 Jorgrun


Innate Abilities, Weirdness & Mutations

You are small and have problems with some larger weapons.
You are carnivorous and can eat meat at any time.
You have sharp fingernails.
Your muscles are strong. (Str +2)


Message History

Something hits you but does no damage.
You miss the tengu warrior.
The tengu warrior completely misses you.
The tengu warrior pecks you but does no damage.
The tengu warrior completely misses you.
You slash something! Something hits you but does no damage.
The tengu warrior misses you. x2; The tengu warrior claws you!
* * * LOW HITPOINT WARNING * * *
The tengu warrior closely misses you.
The tengu warrior pecks you but does no damage.
The tengu warrior misses you.
You closely miss the tengu warrior. Something barely misses you.
The tengu warrior barely misses you. x2
The tengu warrior claws you but does no damage.
You slash the tengu warrior!
The tengu warrior is lightly wounded.
Something hits you!
* * * LOW HITPOINT WARNING * * *
The tengu warrior hits you with a +2 long sword!
You die...

#. ### ####.#
..... ### ...
#.###
#†###(..##
#((().#..##
####()cJy.#
##(#Q#.....##
#.#@###..###
#.#..# #.###
#.##.# ...#
... *Q #..
#.# #.# .. .#
.. ##. ##


You could see a slime creature, a tengu warrior (berserk), a tengu conjurer, a
vampire mosquito, a centaur and a battlesphere.

Vanquished Creatures
  Agnes (D:14)
  Harold (D:11)
  Erica (D:11)
  An ogre mage (D:13)
  2 centaur warriors
  6 two-headed ogres
  A tengu warrior (D:14)
  Sonja (D:13)
  An unseen horror (D:11)
  2 wolf spider zombies
  2 ugly things
  7 cyclopes
  3 centaur zombies
  A guardian serpent (D:13)
  A gargoyle (D:11)
  8 centaur skeletons
  A komodo dragon (shapeshifter) (D:13)
  A tengu conjurer (D:14)
  2 efreet (D:14)
  2 trolls
  12 slime creatures
  A meliai zombie (D:12)
  3 hippogriffs
  The ghost of Zing the Digger, an amateur GrEE (D:4)
  A wraith (D:14)
  A shadow (D:11)
  A wyvern (D:10)
  9 yaks
  3 hungry ghosts
  12 vampire mosquitoes
  3 wargs (D:8)
  Edmund (D:6)
  An acid dragon (D:11)
  4 water moccasins
  6 ice beasts
  3 orc warriors (D:10)
  A black bear (D:11)
  2 eyes of draining
  2 sky beasts
  3 ogres
  6 centaurs
  A crocodile (D:11)
  3 big kobolds
  Blork the orc (D:6)
  8 bullfrogs
  5 scorpions
  4 killer bees (D:8)
  3 wights (D:12)
  3 bullfrog zombies
  A howler monkey (D:5)
  7 crimson imps
  A quasit (D:9)
  3 orc priests
  6 hounds
  10 jellies
  A gnoll shaman (D:4)
  Crazy Yiuf (D:7)
  3 bullfrog skeletons
  An iron imp (D:4)
  Natasha (thrice) (D:4)
  3 iguanas
  5 orc wizards
  8 worker ants
  A hound zombie (D:7)
  A hound skeleton (D:4)
  A worker ant zombie (D:10)
  4 gnolls (D:4)
  12 adders
  5 shadow imps
  16 oozes
  5 worms
  5 dart slugs
  7 leopard geckos
  49 orcs
  10 bats
  7 giant cockroaches
  11 goblins
  8 hobgoblins
  17 jackals
  9 quokkas
  5 ball pythons
  A ball python skeleton (D:5)
  3 frilled lizards
  A giant cockroach zombie (D:3)
  A jackal skeleton (D:4)
  20 kobolds
  A quokka zombie (D:6)
  16 rats
418 creatures vanquished.

Vanquished Creatures (others)
  A hydra (D:15)
  A vampire mosquito (D:13)
  A harpy simulacrum (D:15)
  2 centaurs (D:15)
  An orc wizard (D:8)
  An orc (D:14)
7 creatures vanquished.

Grand Total: 425 creatures vanquished

Notes
Turn   | Place    | Note
-------+----------+-------------------------------------------
     0 | D:1      | Gabide the Kobold Gladiator began the quest for the Orb.
     0 | D:1      | Reached XP level 1. HP: 12/12 MP: 1/1
     1 | D:1      | Found a runed translucent door.
    15 | D:1      | Reached XP level 2. HP: 16/17 MP: 2/2
    20 | D:1      | Reached skill level 3 in Maces & Flails
    27 | D:1      | Reached XP level 3. HP: 10/22 MP: 3/3
    63 | D:1      | Reached XP level 4. HP: 8/27 MP: 4/4
   312 | D:1      | Reached skill level 1 in Armour
   997 | D:2      | Found a white marble altar of Elyvilon.
  1012 | D:2      | Became a worshipper of Elyvilon the Healer
  1205 | D:2      | Reached XP level 5. HP: 15/31 MP: 5/5
  1377 | D:2      | Found a shadowy altar of Dithmenos.
  1490 | D:2      | Reached skill level 4 in Maces & Flails
  1885 | D:2      | Reached * piety under Elyvilon
  2731 | D:3      | Reached XP level 6. HP: 36/36 MP: 6/6
  2931 | D:3      | Reached ** piety under Elyvilon
  3313 | D:4      | Found a runed translucent door.
  3313 | D:4      | Noticed Zing's ghost (amateur GrEE)
  3331 | D:4      | Gained mutation: You are occasionally teleported next to
                  | monsters. [potion of mutation]
  3331 | D:4      | Gained mutation: Your body sometimes deteriorates upon
                  | taking damage. [potion of mutation]
  3331 | D:4      | Gained mutation: Your system is resistant to poisons.
                  | (rPois) [potion of mutation]
  3389 | D:4      | Noticed Grinder
  3483 | D:4      | Noticed Grinder
  3483 | D:4      | Grinder changed into Grinder the iron imp
  3488 | D:4      | Killed Grinder the iron imp
  3621 | D:4      | Lost mutation: You are occasionally teleported next to
                  | monsters. [potion of mutation]
  3621 | D:4      | Lost mutation: Your body sometimes deteriorates upon taking
                  | damage. [potion of mutation]
  3621 | D:4      | Gained mutation: You are occasionally teleported next to
                  | monsters. [potion of mutation]
  3621 | D:4      | Gained mutation: You are somewhat resistant to further
                  | mutation. [potion of mutation]
  3622 | D:4      | Lost mutation: You are somewhat resistant to further
                  | mutation. [potion of mutation]
  3622 | D:4      | Lost mutation: You are occasionally teleported next to
                  | monsters. [potion of mutation]
  3622 | D:4      | Lost mutation: Your system is resistant to poisons. (rPois)
                  | [potion of mutation]
  3622 | D:4      | Gained mutation: You have sharp fingernails. [potion of
                  | mutation]
  3622 | D:4      | Gained mutation: Your muscles are strong. (Str +2) [potion
                  | of mutation]
  3702 | D:4      | Reached skill level 5 in Maces & Flails
  3846 | D:4      | Noticed an ogre
  3853 | D:4      | Killed an ogre
  3853 | D:4      | Reached XP level 7. HP: 41/41 MP: 7/7
  4270 | D:4      | Noticed Natasha
  4275 | D:4      | Killed Natasha
  4486 | D:4      | Reached skill level 1 in Invocations
  4602 | D:4      | Noticed Natasha
  4604 | D:4      | Killed Natasha
  4834 | D:4      | Killed Zing's ghost
  4834 | D:4      | Reached skill level 6 in Maces & Flails
  4834 | D:4      | Reached skill level 5 in Dodging
  4834 | D:4      | Reached XP level 8. HP: 34/46 MP: 7/9
  4929 | D:4      | Noticed Natasha
  5019 | D:4      | Killed Natasha
  5295 | D:5      | Entered Level 5 of the Dungeon
  5337 | D:5      | Got a pair of bloodstained gloves
  5348 | D:5      | Identified the +1 pair of gloves "Pucistar" {Dex+4} (You
                  | found it on level 5 of the Dungeon)
  5548 | D:5      | Found a bloodstained altar of Trog.
  5635 | D:5      | Found a sacrificial altar of Ru.
  5832 | D:6      | Reached *** piety under Elyvilon
  5943 | D:6      | Noticed Edmund
  5962 | D:6      | Killed Edmund
  6061 | D:6      | Noticed Blork the orc
  6069 | D:6      | Killed Blork the orc
  6212 | D:6      | Found a shattered altar of Ashenzari.
  6262 | D:6      | Got an ichor-stained leather armour
  6273 | D:6      | Identified the cursed +1 leather armour of the Game Afoot
                  | {rF- rC++ Str+2} (You found it on level 6 of the Dungeon)
  6523 | D:7      | Reached skill level 7 in Maces & Flails
  6523 | D:7      | Reached XP level 9. HP: 52/52 MP: 11/11
  6534 | D:7      | Found a runed translucent gate.
  6534 | D:7      | Noticed ghwc's ghost (novice KoBe)
  6535 | D:7      | Found a runed translucent gate.
  6535 | D:7      | Found a runed translucent gate.
  6538 | D:7      | Noticed a red ugly thing
  6549 | D:7      | Reached **** piety under Elyvilon
  7089 | D:7      | Found a shimmering altar of Xom.
  7089 | D:7      | Found a shimmering altar of Xom.
  7089 | D:7      | Found a shimmering altar of Xom.
  7198 | D:7      | Found a basalt altar of Yredelemnul.
  7281 | D:7      | Noticed a two-headed ogre
  7288 | D:7      | Killed a two-headed ogre
  7288 | D:7      | Reached skill level 8 in Maces & Flails
  7288 | D:7      | Reached skill level 5 in Armour
  7443 | D:7      | Found a runed translucent door.
  7444 | D:7      | Noticed Crazy Yiuf
  7565 | D:7      | Killed Crazy Yiuf
  7565 | D:7      | Reached skill level 5 in Fighting
  7642 | D:8      | Found a runed translucent gate.
  7642 | D:8      | Found a runed translucent gate.
  7642 | D:8      | Found a runed translucent gate.
  7642 | D:8      | Noticed a centaur warrior
  7643 | D:8      | Noticed brob1's ghost (novice DrTm)
  7653 | D:8      | Noticed a two-headed ogre
  7671 | D:8      | Noticed a hippogriff
  7916 | D:8      | Killed a hippogriff
  7916 | D:8      | Reached XP level 10. HP: 49/59 MP: 13/13
  8006 | D:8      | Reached skill level 5 in Invocations
  8142 | D:8      | Found a staircase to the Lair.
  8278 | D:8      | Found an opulent altar of Gozag.
  8577 | D:8      | HP: 2/60 [two-headed ogre/+0 giant club (11)]
  8879 | D:7      | Killed a two-headed ogre
  8879 | D:7      | Reached skill level 9 in Maces & Flails
  9587 | D:9      | Found a hide-covered altar of Uskayaw.
  9789 | D:9      | Found Utaret's Magic Scroll Shop.
  9934 | D:9      | Found a sparkling altar of Nemelex Xobeh.
  9954 | D:9      | Reached XP level 11. HP: 66/66 MP: 15/15
 10189 | D:10     | Entered Level 10 of the Dungeon
 10189 | D:10     | Found a transporter.
 10208 | D:10     | Reached ***** piety under Elyvilon
 10336 | D:10     | Found a transporter.
 10437 | D:10     | Reached skill level 10 in Maces & Flails
 10535 | D:10     | Found a staircase to the Orcish Mines.
 10733 | Orc:1    | Entered Level 1 of the Orcish Mines
 10733 | Orc:1    | Noticed Jorgrun
 10886 | D:11     | Noticed Harold
 10913 | D:11     | Killed Harold
 10927 | D:11     | Noticed a five-headed hydra
 10929 | D:11     | Pacified a five-headed hydra
 11025 | D:11     | Reached skill level 11 in Maces & Flails
 11224 | D:11     | Noticed Erica
 11245 | D:11     | Killed Erica
 11288 | D:11     | Killed an unseen horror
 11777 | D:11     | Noticed an eight-headed hydra
 11778 | D:11     | Pacified an eight-headed hydra
 11778 | D:11     | Reached XP level 12. HP: 72/72 MP: 16/16
 12288 | D:12     | Got a dazzling hunting sling
 12289 | D:12     | Identified the +1 hunting sling "Hosepa Keth" {venom, rElec
                  | MR+++ Str+4 Stlth-} (You found it on level 12 of the
                  | Dungeon)
 12387 | D:12     | Reached skill level 1 in Slings
 13144 | D:12     | Reached skill level 12 in Maces & Flails
 13991 | D:13     | Noticed an ogre mage
 14003 | D:13     | Noticed a two-headed ogre
 14007 | D:13     | Noticed a two-headed ogre
 14052 | D:13     | Killed an ogre mage
 14070 | D:13     | HP: 2/75 [two-headed ogre/+0 giant club (21)]
 14080 | D:13     | Killed a two-headed ogre
 14096 | D:13     | Killed a two-headed ogre
 14096 | D:13     | Reached XP level 13. HP: 34/80 MP: 14/17
 14357 | D:13     | Found a gate to the Vaults.
 14371 | D:13     | Noticed a centaur warrior
 14380 | D:13     | Killed a centaur warrior
 14658 | D:13     | Noticed Sonja
 14665 | D:13     | Killed Sonja
 15132 | D:13     | Reached skill level 13 in Maces & Flails
 15140 | D:13     | Noticed a six-headed hydra
 15146 | D:13     | Pacified a six-headed hydra
 15324 | D:13     | Reached skill level 5 in Slings
 16460 | D:14     | Noticed Agnes
 16488 | D:14     | Killed Agnes
 16524 | D:14     | Reached skill level 1 in Shields
 16816 | D:14     | Reached skill level 1 in Staves
 16918 | D:14     | Found a glowing golden altar of the Shining One.
 16926 | D:14     | Noticed a six-headed hydra
 16927 | D:14     | Pacified a six-headed hydra
 17146 | D:14     | Noticed a centaur warrior
 17160 | D:14     | Killed a centaur warrior
 17671 | D:15     | Entered Level 15 of the Dungeon
 17671 | D:15     | Found a flickering gateway to a bazaar.
 17818 | D:15     | Reached XP level 14. HP: 34/87 MP: 19/19
 17933 | D:15     | Reached skill level 10 in Fighting
 17989 | D:15     | Slain by a tengu warrior

Levels and vault maps discovered:
D:1:      dpeg_arrival_caged_fury, layout_loops_ring, minmay_tetromino_o4
D:2:      minmay_razor_zed, layout_loops_corners, grunt_dithmenos_smoke,
          kennysheep_crisscross, elyvilon_altar_4
D:3:      layout_loops_ring, first_ration, minmay_misc_feat_more_columns,
          minmay_between
D:4:      layout_loops_ring, ebering_ghost_reflecting_pool, minivault_5,
          kennysheep_nondescript, uniq_grinder, uniq_natasha
D:5:      layout_basic, kennysheep_mini_moat, bloody_trog
D:6:      layout_cave_pods, ashenzari_altar_1, minmay_temple_entry_from_below_a,
          uniq_edmund, uniq_blork_the_orc
D:7:      layout_loops_ring, xom_redecorated, overflow_temple_1_default,
          gammafunk_ghost_split, uniq_crazy_yiuf_cottage
D:8:      layout_basic, nicolae_overflow_hidden_temple,
          nicolae_gozag_seed_capital, erik_lair_orcish_takeover,
          gammafunk_ghost_split
D:9:      layout_roguey, nemelex_xobeh_ov_fountains_minmay, kennysheep_mini,
          serial_shops, shop, hangedman_little_slice_of_home, kennysheep_diamond
D:10:     gammafunk_cloud_chamber, layout_cave_pools, david_orc_2
D:11:     layout_grid_maze, uniq_harold, uniq_erica
D:12:     layout_loops_corners
D:13:     layout_irregular_city, david_vaults_2, nrook_guardian_serpent_double,
          uniq_sonja
D:14:     layout_gridville, minivault_23, tso_metal_star, uniq_agnes
D:15:     grunt_enter_depths_magical_seal, layout_rooms,
          lemuel_coloured_pillars_altar, serial_shops, bzr_entry_water,
          mumra_transporter_accident
Orc:1:    layout_caves, serial_shops, shop, nicolae_shop_behind_doors, shop,
          uniq_jorgrun

Skill      XL: |  1  2  3  4  5  6  7  8  9 10 11 12 13 14 |
---------------+-------------------------------------------+-----
Maces & Flails | 3 4 5 6 7 8 9 11 12 13 | 13.5
Dodging        | 4 5 6 7 9 |  9.9
Armour         | 1 2 4 5 6 7 |  7.9
Fighting       | 3 4 5 6 7 8 9 10 | 10.0
Invocations    | 1 3 4 6 7 |  7.1
Slings         | 3 5 |  5.0
Shields        | 1 |  1.0
Staves         | 3 4 |  4.4
Throwing       | |  2.1

Action                   |  1- 3 |  4- 6 |  7- 9 | 10-12 | 13-15 || total
-------------------------+-------+-------+-------+-------+-------++-------
Melee: Flail             |    45 |   350 |    47 |   192 |       ||   634
       Whip              |       |       |   258 |   500 |       ||   758
       Morningstar       |       |       |       |    68 |   259 ||   327
       Lajatang          |       |       |       |       |   160 ||   160
 Fire: Hunting sling     |       |       |       |       |     2 ||     2
Throw: Throwing net      |     5 |     1 |     4 |     3 |     2 ||    15
Invok: Lesser Healing    |       |     2 |       |     2 |       ||     4
       Greater Healing   |       |       |       |     7 |    16 ||    23
       Heal Other        |       |       |       |     4 |     3 ||     7
Evoke: Wand              |       |     1 |     4 |     5 |     1 ||    11
  Use: Scroll            |       |     8 |    14 |    11 |     2 ||    35
       Potion            |       |     4 |     1 |       |     5 ||    10
 Stab: Held in net/web   |     1 |       |     3 |     5 |       ||     9
       Paralysed         |       |       |       |    14 |     3 ||    17
       Distracted        |       |       |       |     1 |       ||     1
  Eat: Chunk             |       |    18 |    12 |    30 |    19 ||    79
Armor: Leather armour    |    19 |     5 |       |       |       ||    24
       Ring mail         |       |    98 |    87 |   164 |   173 ||   522
       Skin              |       |       |       |       |    13 ||    13
Dodge: Dodged            |    63 |   321 |   155 |   575 |   581 ||  1695
       Deflected         |       |       |       |     2 |       ||     2
Block: Buckler           |       |       |       |       |     8 ||     8
